 Dungeon Crawl Stone Soup version 0.32-a0-871-ge202e49faa (webtiles) character file.

Game seed: 8699434473807509341

756 pokeman the Thaumaturge (level 7, -8/40 HPs)
             Began as a Deep Elf Hedge Wizard on Mar 29, 2024.
             Was an Initiate of Vehumet.
             Mangled by Edmund
             ... wielding a +1 flail of distortion
              (21 damage)
             ... on level 5 of the Dungeon.
             The game lasted 00:10:44 (4433 turns).

pokeman the Thaumaturge (Deep Elf Hedge Wizard)     Turns: 4433, Time: 00:10:44

Health: -8/40      AC:  2    Str:  7    XL:     7   Next: 50%
Magic:  16/20      EV: 12    Int: 21    God:    Vehumet [......]
Gold:   175        SH:  5    Dex: 14    Spells: 11/22 levels left

rFire   . . .        a - +1 scythe (venom)
rCold   . . .        (shield currently unavailable)
rNeg    . . .        b - +0 robe
rPois   .            c - +0 hat
rElec   .            (no cloak)
rCorr   .            (no gloves)
SInv    .            (no boots)
Will    .....        u - amulet of reflection
Stlth   ++           t - ring of flight
HPRegen 0.26/turn    (no ring)
MPRegen 0.17/turn

%: reflection
@: flying
A: no striking features
a: Renounce Religion


You were on level 5 of the Dungeon.
You worshipped Vehumet.
Vehumet was noncommittal.
You visited 2 branches of the dungeon, and saw 6 of its levels.

You collected 175 gold pieces.

Inventory:

Hand Weapons
 a - a +1 scythe of venom (weapon)
Armour
 b - a +0 robe (worn)
 c - a +0 hat (worn)
Magical Staves
 o - a staff of death
 B - a staff of earth
Jewellery
 t - a ring of flight (left hand)
 u - an amulet of reflection (around neck)
Wands
 m - a wand of flame (26)
 y - a wand of polymorph (10)
Scrolls
 g - 3 scrolls of teleportation {unknown}
 h - 2 scrolls of enchant weapon {unknown}
 i - a scroll of vulnerability {unknown}
 j - 2 scrolls of silence {unknown}
 k - 2 scrolls of identify {unknown}
 n - a scroll of fog {unknown}
 q - a scroll of revelation {unknown}
 s - a scroll of summoning {unknown}
 v - 2 scrolls of enchant armour {unknown}
 w - a scroll of noise {unknown}
 x - a scroll of poison {unknown}
Potions
 d - 2 potions of magic
 e - a potion of curing
 f - 2 potions of lignification {unknown}
 l - a potion of heal wounds {unknown}
 p - 3 potions of brilliance {unknown}
 r - a potion of experience {unknown}
 z - 2 potions of degeneration {unknown}
 A - a potion of enlightenment {unknown}


   Skills:
 - Level 2.1 Fighting
 + Level 1.1 Armour
 - Level 3.0 Dodging
 - Level 3.0 Stealth
 * Level 8.0 Spellcasting
 + Level 3.9 Conjurations
 - Level 1.1 Summonings
 - Level 2.0 Necromancy
 - Level 1.1 Translocations
 + Level 2.0 Ice Magic
 - Level 1.1 Air Magic
 + Level 0.0 Earth Magic
 - Level 1.1 Alchemy
 - Level 1.2 Evocations


You had 11 spell levels left.
You knew the following spells:

 Your Spells              Type           Power      Damage    Failure   Level
a - Magic Dart            Conj           100%       1d8       1%          1
b - Mephitic Cloud        Conj/Alch/Air  17%        N/A       10%         3
c - Call Imp              Summ           26%        N/A       8%          2
d - Blink                 Tloc           26%        N/A       8%          2
e - Ozocubu's Armour      Ice            17%        N/A       11%         3

Your spell library contained the following spells:

 Spells                   Type           Power      Damage    Failure   Level
 Cigotuvi's Dreadful Rot  Necr/Alch/Air  28%        N/A       7%          2
 Slow                     Hex            32%        N/A       8%          1
 Frozen Ramparts          Ice            34%        1d6       11%         3
 Vhi's Electric Charge    Tloc/Air       26%        N/A       45%         4
 Arcjolt                  Conj/Air       9%         1d19      61%         5
 Metabolic Englaciation   Hex/Ice        6%         N/A       82%         5
 Plasma Beam              Fire/Air       5%         2x1d15    100%        6


Dungeon Overview and Level Annotations

Branches:
Dungeon (5/15)             Temple (1/1) D:4

Altars:
Ashenzari
Cheibriados
Dithmenos
Elyvilon
Fedhas
Gozag
Hepliaklqana
Kikubaaqudgha
Makhleb
Nemelex Xobeh
Okawaru
Qazlal
Ru
Sif Muna
Uskayaw
Vehumet
Wu Jian
Xom
Zin
The Shining One

Shops:
D:1 (   D:4 (

Annotations:
D:4 3 runed translucent doors, Biggs's ghost, amateur CoGl
D:5 Edmund


Message History

Edmund is moderately wounded.
Edmund is engulfed in noxious fumes. x2; Edmund appears confused.
Edmund closely misses you.
Casting: Mephitic Cloud (dangerous; 10% risk of failure)
Confirm with . or Enter, or press ? or * to list all spells.
A tiny devil pulls itself out of the air.
Edmund is engulfed in noxious fumes.
Edmund appears confused.
Unknown command.
Reach: a) +1 scythe (venom)
Press: ? - help, Dir - move target, f/p - Edmund
Aim: Edmund, wielding a +1 flail of distortion, wearing a +0 leather armour and carrying a wand of flame (noxious fumes, moderately wounded, confused, ally target, about 26% to evade your +1 scythe of venom)
You hit Edmund.
Edmund is moderately wounded.
Edmund is engulfed in noxious fumes.
Edmund appears confused.
Edmund laughs crazily.
You swap places.
Your cerulean imp hits Edmund but does no damage.
Edmund is engulfed in noxious fumes.
Edmund appears confused.
Edmund hits your cerulean imp with a +1 flail of distortion!
Space warps around your cerulean imp.
Your cerulean imp is killed!
Your cerulean imp disappears in a puff of smoke!
Reach: a) +1 scythe (venom)
Press: ? - help, Dir - move target, f/p - Edmund
Aim: Edmund, wielding a +1 flail of distortion, wearing a +0 leather armour and carrying a wand of flame (noxious fumes, moderately wounded, confused, about 26% to evade your +1 scythe of venom)
You reach to attack!
You hit Edmund.
Edmund is poisoned.
Edmund is moderately wounded.
Edmund is engulfed in noxious fumes.
Edmund gestures wildly.
Edmund hits you with a +1 flail of distortion!
Space warps around you.
Reach: a) +1 scythe (venom)
Press: ? - help, Dir - move target, f/p - Edmund
Aim: Edmund, wielding a +1 flail of distortion, wearing a +0 leather armour and carrying a wand of flame (heavily wounded, confused, very poisoned, about 26% to evade your +1 scythe of venom)
You hit Edmund.
Edmund looks as sick as possible!
Edmund is heavily wounded.
Edmund hits you with a +1 flail of distortion!
Space warps horribly around you!!
Ouch! That really hurt!
You die...

......##.##
########.##
.######..#
#.........# . #.##
#.#####..## .. #.#
#..# ### #.# ###..##
#.# #.....# #.#
#.#.### #########.#
#.#.# #<...☼○@@.#
#.#.#
#############.#.#
#...........#)#
##.##########.#
#...########.#
#########.##.......#
#.........##.#######
#.........##.#
#.........##.#


You could see Edmund (confused, extremely poisoned).

Vanquished Creatures
  Sigmund (D:3)
  Eustachio (D:5)
  An ice beast (D:5)
  A bombardier beetle (D:4)
  A jelly (D:4)
  An orc wizard (D:5)
  9 gnolls
  7 adders
  A white imp (D:5)
  4 dart slugs
  2 ribbon worms
  4 orcs (D:5)
  7 bats
  7 endoplasms
  4 giant cockroaches
  6 hobgoblins
  2 kobolds
  5 quokkas
  4 ball pythons
  4 frilled lizards
  9 goblins
  2 rats (D:1)
83 creatures vanquished.

Vanquished Creatures (collateral kills)
  Terence (D:2)
  A gnoll (D:2)
  A ribbon worm (D:2)
  A ball python (D:2)
  A goblin (D:2)
  A kobold (D:2)
  A quokka (D:2)
7 creatures vanquished.

Grand Total: 90 creatures vanquished

Notes
Turn   | Place    | Note
-------+----------+-------------------------------------------
     0 | D:1      | pokeman the Deep Elf Hedge Wizard began the quest for the
                  | Orb.
     0 | D:1      | Reached XP level 1. HP: 10/10 MP: 7/7
   238 | D:1      | Reached XP level 2. HP: 16/16 MP: 5/9
   676 | D:1      | Found Gysycs's Antique Weapon Shop.
   782 | D:2      | Reached skill level 5 in Spellcasting
   786 | D:2      | Reached XP level 3. HP: 20/20 MP: 3/11
   792 | D:2      | Learned a level 3 spell: Mephitic Cloud
   795 | D:2      | Learned a level 2 spell: Call Imp
   798 | D:2      | Learned a level 2 spell: Blink
   971 | D:2      | Reached skill level 1 in Fighting
   971 | D:2      | Reached skill level 1 in Armour
  1025 | D:2      | Reached XP level 4. HP: 12/25 MP: 3/13
  1410 | D:2      | Noticed Terence
  1436 | D:2      | Killed Terence
  1586 | D:2      | Reached skill level 6 in Spellcasting
  1586 | D:2      | Reached XP level 5. HP: 19/29 MP: 4/15
  2227 | D:3      | Noticed Sigmund
  2246 | D:3      | Killed Sigmund
  2247 | D:3      | Reached skill level 1 in Necromancy
  2247 | D:3      | Reached skill level 1 in Air Magic
  2247 | D:3      | Reached skill level 1 in Alchemy
  2247 | D:3      | Reached skill level 1 in Evocations
  2247 | D:3      | Reached XP level 6. HP: 26/34 MP: 5/17
  2366 | D:3      | Found an ancient bone altar of Kikubaaqudgha.
  2810 | D:3      | Found an iron altar of Okawaru.
  3026 | D:4      | Found a hide-covered altar of Uskayaw.
  3026 | D:4      | Noticed a +0 dagger
  3026 | D:4      | Noticed a +0 dagger
  3026 | D:4      | Noticed a +0 spear
  3027 | D:4      | Noticed a +0 spear
  3027 | D:4      | Noticed a +0 falchion
  3029 | D:4      | Noticed a +0 falchion
  3033 | D:4      | Noticed a +0 short sword
  3042 | D:4      | Noticed a +0 short sword
  3162 | D:4      | Found a runed translucent gate.
  3162 | D:4      | Found a runed translucent gate.
  3163 | D:4      | Found a runed translucent gate.
  3164 | D:4      | Noticed Biggs's ghost (amateur CoGl)
  3206 | D:4      | Reached skill level 7 in Spellcasting
  3329 | D:4      | Found a staircase to the Ecumenical Temple.
  3341 | Temple   | Entered the Ecumenical Temple
  3359 | Temple   | Became a worshipper of Vehumet
  3519 | D:4      | Learned a level 3 spell: Ozocubu's Armour
  3594 | D:4      | Found Atayvo's Antique Weapon Emporium.
  3907 | D:5      | Entered Level 5 of the Dungeon
  3968 | D:5      | Noticed Eustachio
  3994 | D:5      | Killed Eustachio
  3995 | D:5      | Reached skill level 1 in Ice Magic
  3995 | D:5      | Reached XP level 7. HP: 39/39 MP: 10/20
  4184 | D:5      | Reached skill level 8 in Spellcasting
  4253 | D:5      | Found a sparkling altar of Nemelex Xobeh.
  4424 | D:5      | Noticed Edmund
  4433 | D:5      | Mangled by Edmund

Illustrated notes

Levels and vault maps discovered:
D:1:      dpeg_arrival_arbitrary_b, layout_rooms, serial_shops,
          nicolae_shop_advertising_works [nicolae_subvault_shop_adworks]
D:2:      layout_rooms, nicolae_twisty_statue_hallways, uniq_terence
D:3:      layout_basic, mainiacjoe_overflow_alcove_2, kiku_gazebo_garden_becter,
          uniq_sigmund
D:4:      layout_loops_ring, nicolae_uskayaw_en_pointe, temple_fountains,
          serial_shops, shop, ebering_ghost_rock_garden
D:5:      layout_basic, mainiacjoe_overflow_brackets, old_standard_altar,
          uniq_edmund, uniq_eustachio
Temple:   minmay_temple_bridge_d

Skill      XL: |  1  2  3  4  5  6  7 |
---------------+----------------------+-----
Spellcasting   | 5 6 7 8 |  8.0
Fighting       | 1 2 |  2.1
Armour         | 1 |  1.1
Conjurations   | 2 3 |  3.9
Stealth        | 3 |  3.0
Dodging        | 3 |  3.0
Necromancy     | 1 2 |  2.0
Air Magic      | 1 |  1.1
Alchemy        | 1 |  1.1
Evocations     | 1 |  1.2
Ice Magic      | 1 2 |  2.0
Summonings     | |  1.1
Translocations | |  1.1

Action                     |  1- 3 |  4- 6 |  7- 9 || total
---------------------------+-------+-------+-------++-------
  Melee: Dagger            |     5 |    51 |       ||    56
         Short sword       |       |     1 |       ||     1
         Halberd           |       |    20 |    17 ||    37
   Cast: Magic Dart        |    63 |   125 |    12 ||   200
         Mephitic Cloud    |     2 |    16 |     2 ||    20
         Call Imp          |       |     4 |     2 ||     6
         Ozocubu's Armour  |       |       |     1 ||     1
    Use: Potion            |       |     1 |       ||     1
   Stab: Confused          |     2 |     7 |       ||     9
 Armour: Robe              |    10 |    32 |    17 ||    59
  Dodge: Dodged            |    12 |    36 |     4 ||    52
  Block: Other             |       |     4 |     1 ||     5

Table legend: (Time is in decaauts)
 A = Elapsed time spent in this place.
 B = Non-inter-level travel time spent in this place.
 C = Inter-level travel time spent in this place.
 D = Time resting spent in this place.
 E = Time spent auto-exploring this place.
 F = Levels seen in this place.
 G = Mean time per level.
                   A        B        C        D        E       F      G
               +--------+--------+--------+--------+--------+-----+--------+
         Total |   4448 |   4291 |    157 |     98 |   3535 |   6 |  741.3 |
       Dungeon |   4411 |   4288 |    123 |     98 |   3535 |   5 |  882.2 |
        Temple |     36 |      2 |     34 |      0 |      0 |   1 |   36.0 |
               +--------+--------+--------+--------+--------+-----+--------+

Top non-repeatable levels by time:
     D:2: 1225 daAuts
     D:4: 928 daAuts
     D:1: 863 daAuts
     D:3: 855 daAuts
     D:5: 538 daAuts
  Temple: 36 daAuts
